 Dungeon Crawl Stone Soup version 0.30-a0-586-g23e55c9e0a (webtiles) character file.

Game seed: 4806050298248482323

646 wormed the Carver (level 7, 0/60 (68) HPs)
             Began as a Green Draconian Berserker on Jan 4, 2023.
             Was an Elder of Trog.
             Slain by a scorpion (6 damage)
             ... on level 4 of the Dungeon.
             The game lasted 00:06:39 (3544 turns).

wormed the Carver (Green Draconian Berserker)       Turns: 3544, Time: 00:06:40

HP:   0/60 (68)     AC:  9    Str: 19    XL:     7   Next: 27%
MP:   7/7           EV: 14    Int:  7    God:    Trog [****..]
Gold: 115           SH:  0    Dex: 13    Spells: 6/6 levels left

rFire   + . .      SeeInvis .    a - +0 falchion
rCold   . . .      Faith    .    (no shield)
rNeg    . . .      Spirit   .    (body armour unavailable)
rPois   +          Reflect  .    (helmet restricted)
rElec   .          Harm     .    i - +2 cloak
rCorr   .          Rampage  .    (no gloves)
Will    ++...                    (no boots)
Stlth   +                        (no amulet)
HPRegen 1.30/turn                g - ring of protection from fire
MPRegen 0.10/turn                (no ring)

@: short of breath, strong-willed, on berserk cooldown, regenerating, slowed,
heavily drained, very slow
A: breathe noxious fumes, AC +6, unfitting armour, poison resistance,
cold-blooded
a: Breathe Noxious Fumes, Renounce Religion, Berserk, Trog's Hand, Brothers in
Arms


You were on level 4 of the Dungeon.
You worshipped Trog.
Trog was greatly pleased with you.
You visited 1 branch of the dungeon, and saw 4 of its levels.
You also visited: Sewer.

You collected 115 gold pieces.

Inventory:

Hand Weapons
 a - a +0 falchion (weapon)
Missiles
 l - 16 poisoned darts (quivered)
Armour
 i - a +2 cloak (worn)
Jewellery
 g - a ring of protection from fire (left hand)
 m - a ring of ice
Scrolls
 c - 2 scrolls of fear
 d - a scroll of summoning
 e - a scroll of teleportation
 j - a scroll of blinking
 o - a scroll of fog
Potions
 b - 3 potions of heal wounds {unknown}
 f - a potion of berserk rage {unknown}
 h - 3 potions of invisibility {unknown}
 k - 2 potions of haste {unknown}
 n - a potion of attraction
 p - a potion of might


   Skills:
 + Level 8.1 Fighting
 * Level 10.0 Long Blades
 + Level 6.7 Dodging


You had 6 spell levels left.
You didn't know any spells.
Your spell library was empty.

Dungeon Overview and Level Annotations

Branches:
Dungeon (4/15)              Sewer (visited)
 Temple: D:4-7

Altars:
Sif Muna


Innate Abilities, Weirdness & Mutations

You can breathe blasts of noxious fumes.
Your lurid green scales are hard. (AC +6)
You cannot fit into any form of body armour.
Your system is resistant to poisons. (rPois)
You are cold-blooded and may be slowed by cold attacks.


Message History

You feel drained. Dowan gestures at you while chanting.
The shard of ice hits you!!
You closely miss Dowan.
Dowan is almost dead.
Dowan hits you with a +6 dagger of draining.
* * * LOW HITPOINT WARNING * * *
You feel drained.
* * * LOW HITPOINT WARNING * * *
Dowan hits you with a +6 dagger of draining.
* * * LOW HITPOINT WARNING * * *
You feel drained.
* * * LOW HITPOINT WARNING * * *
Throw: 17 darts (poison)
Press: ? - help, Q - select action, (/) - cycle Shift-Dir - straight line, f/p - Dowan
Aim: Dowan, wielding a +6 dagger of draining and wearing a +0 robe (almost dead, fast, 51% to hit)
You throw a poisoned dart. The poisoned dart barely misses Dowan.
Dowan hits you with a +6 dagger of draining.
* * * LOW HITPOINT WARNING * * *
You feel drained. Dowan completely misses you.
You miss Dowan.
Dowan is almost dead.
Dowan hits you but does no damage.
You feel drained. The scorpion stings you.
* * * LOW HITPOINT WARNING * * *
Dowan hits you but does no damage.
You feel drained.
You slash Dowan!
You kill Dowan!
Trog accepts your kill.
Trog appreciates your killing of a magic user.
The scorpion completely misses you.
You're still recovering from your berserk rage.
You hit the scorpion.
The scorpion is moderately wounded.
The scorpion stings you.
* * * LOW HITPOINT WARNING * * *
The scorpion stings you but does no damage.
Your skin crawls.
You feel strong-willed. The scorpion closely misses you.
The scorpion stings you.
You die...

####... .. ..
..............
........> .#. ..
............ ..# ##
...........# ..###...
........##.###........
........s)....#.......
.........@...........
..........###.......
.............[.#.#
..........)...<..#
.............#........
.............#........
.......###...#........
....... #####........
#####.. .........


You could see a scorpion.

Vanquished Creatures
  Duvessa (D:4)
  Dowan (D:4)
  An orc priest (D:3)
  4 adders
  6 river rats (Sewer)
  3 dart slugs
  2 worms (D:2)
  10 orcs
  6 bats
  11 endoplasms
  4 giant cockroaches
  8 goblins
  7 hobgoblins
  4 jackals
  7 quokkas
  14 ball pythons
  5 frilled lizards
  19 kobolds
  18 rats
131 creatures vanquished.

Notes
Turn   | Place    | Note
-------+----------+-------------------------------------------
     0 | D:1      | wormed the Draconian Berserker began the quest for the Orb.
     0 | D:1      | Reached XP level 1. HP: 19/19 MP: 1/1
   107 | D:1      | Reached XP level 2. HP: 25/26 MP: 2/2
   363 | D:1      | Found a faded altar of an unknown god.
   400 | D:1      | Reached ** piety under Trog
   415 | D:1      | Reached XP level 3. HP: 30/33 MP: 3/3
   814 | D:2      | Reached skill level 4 in Long Blades
   972 | D:2      | Reached XP level 4. HP: 40/40 MP: 4/4
  1644 | D:3      | Reached *** piety under Trog
  1766 | D:3      | Found a shimmering blue altar of Sif Muna.
  1898 | D:3      | Reached XP level 5. HP: 30/46 MP: 5/5
  2123 | D:3      | Found a glowing drain.
  2152 | Sewer    | Entered a sewer
  2449 | Sewer    | Reached **** piety under Trog
  2462 | Sewer    | Reached skill level 5 in Long Blades
  2945 | D:3      | Reached skill level 9 in Long Blades
  2945 | D:3      | Reached XP level 6. HP: 61/61 MP: 6/6
  3496 | D:4      | Noticed Duvessa
  3496 | D:4      | Noticed Dowan
  3512 | D:4      | Killed Duvessa
  3513 | D:4      | Reached skill level 10 in Long Blades
  3513 | D:4      | Your scales start taking on a lurid green colour.
  3513 | D:4      | Reached XP level 7. HP: 68/68 MP: 7/7
  3513 | D:4      | Gained mutation: Your system is resistant to poisons.
                  | (rPois) [Green Draconian growth]
  3542 | D:4      | Killed Dowan
  3544 | D:4      | Slain by a scorpion

Illustrated notes

Levels and vault maps discovered:
D:1:      minmay_arrival_arboretum_small, layout_rooms,
          hellmonk_ecumenical_altar_leap_of_faith
D:2:      layout_loops_ring, grunt_decor_arrowhead, minmay_octomino_c4
D:3:      layout_loops_cross, mainiacjoe_overflow_boulevard,
          cheibrodos_sewer_entry_drain
D:4:      layout_basic, nicolae_ru_awakened_eye, bloody_makhleb,
          grunt_decor_mini_mirrors, uniq_duvessa, uniq_edmund

Skill      XL: |  1  2  3  4  5  6 |
---------------+-------------------+-----
Dodging        | 3 6 |  6.7
Long Blades    | 4 9 10 | 10.0
Fighting       | 4 7 8 |  8.1

Action                   |  1- 3 |  4- 6 |  7- 9 || total
-------------------------+-------+-------+-------++-------
Melee: Falchion          |   141 |   286 |     8 ||   435
       Tailslap          |    21 |    40 |     1 ||    62
       Punch             |       |     1 |       ||     1
Throw: Dart              |       |       |     1 ||     1
Invok: Berserk           |       |     1 |       ||     1
       Trog's Hand       |       |       |     1 ||     1
 Abil: Breathe Noxious F |       |       |     1 ||     1
  Use: Scroll            |       |     9 |       ||     9
       Potion            |       |     3 |       ||     3
 Stab: Sleeping          |     1 |     4 |       ||     5
Armor: Skin              |    53 |    75 |     4 ||   132
Dodge: Dodged            |    98 |   221 |     4 ||   323

Table legend: (Time is in decaauts)
 A = Elapsed time spent in this place.
 B = Non-inter-level travel time spent in this place.
 C = Inter-level travel time spent in this place.
 D = Time resting spent in this place.
 E = Time spent auto-exploring this place.
 F = Levels seen in this place.
 G = Mean time per level.
                   A        B        C        D        E       F      G
               +--------+--------+--------+--------+--------+-----+--------+
         Total |   3610 |   3336 |    274 |     45 |   2332 |   5 |  722.0 |
       Dungeon |   2800 |   2526 |    274 |     45 |   1796 |   4 |  700.0 |
         Sewer |    810 |    810 |      0 |      0 |    536 |   1 |  810.0 |
               +--------+--------+--------+--------+--------+-----+--------+

Top non-repeatable levels by time:
     D:2: 1142 daAuts
     D:3: 935 daAuts
   Sewer: 810 daAuts
     D:1: 665 daAuts
     D:4: 56 daAuts
